 Dungeon Crawl Stone Soup version 0.19-a0-46-g8690a2b (webtiles) character file.

58 FitzyFitz the Insei (level 4, 0/23 HPs)
             Began as a Vine Stalker Monk on May 6, 2016.
             Succumbed to Robin's poison
             ... on level 2 of the Dungeon.
             The game lasted 00:05:10 (884 turns).

FitzyFitz the Insei (Vine Stalker Monk)              Turns: 884, Time: 00:05:11

Health: 0/23       AC:  3    Str: 14    XL:     4   Next: 1%
Magic:  5/5        EV: 13    Int: 11    God:
Gold:   48         SH:  0    Dex: 16    Spells: 0 memorised, 3 levels left

rFire  . . .     SeeInvis .       - Unarmed
rCold  . . .     Gourm    .     a - +0 robe
rNeg   . . .     Faith    .     (no shield)
rPois  .         Spirit   +     (no helmet)
rElec  .         Dismiss  .     m - +0 cloak
rCorr  .         Reflect  .     (no gloves)
SustAt .         Harm     .     (no boots)
MR     .....                    (no amulet)
Stlth  +++.......               (no ring)
                                (no ring)

@: lethally poisoned (0 -> -4), not resistant to hostile enchantments, fairly
stealthy
A: fangs 2, regeneration 1, magic shield, antimagic bite, no device heal 3, rot
immunity
a: no special abilities


You were on level 2 of the Dungeon.
You were not hungry.

You visited 1 branch of the dungeon, and saw 2 of its levels.

You collected 48 gold pieces.

Inventory:

Armour
 a - a +0 robe (worn)
 m - a +0 cloak (worn)
Scrolls
 e - 3 scrolls of identify {unknown}
 f - 2 scrolls of magic mapping {unknown}
 h - a scroll of enchant armour {unknown}
 i - a scroll of blinking {unknown}
 k - a scroll of recharging {unknown}
Potions
 j - 2 potions of mutation {unknown}
 l - a potion of lignification {unknown}
Comestibles
 b - a bread ration
 c - 4 chunks of flesh
 d - 2 slices of pizza
 g - 2 fruits


   Skills:
 - Level 2.6 Fighting
 - Level 2.4 Dodging
 + Level 4.0 Stealth
 + Level 4.8 Unarmed Combat


You had 3 spell levels left.
You didn't know any spells.

Dungeon Overview and Level Annotations

Branches:
Dungeon (2/15)

Altars:
Pakellas


Innate Abilities, Weirdness & Mutations

You have extremely sharp teeth.
Your natural rate of healing is unusually fast.
When hurt, damage is shared between your health and your magic reserves.
Your bite disrupts and absorbs the magic of your enemies.
Potions and wands cannot restore your health.
You are immune to rotting.


Message History

You feel stronger.
You feel sick.
Drink which item? (? for menu, Esc to quit)
Okay, then.
You feel sick.
* * * LOW HITPOINT WARNING * * *
You feel sick.
* * * LOW HITPOINT WARNING * * *
You feel sick.
* * * LOW HITPOINT WARNING * * *
You feel sick.
* * * LOW HITPOINT WARNING * * *
You feel sick.
* * * LOW HITPOINT WARNING * * *
You feel sick.
* * * LOW HITPOINT WARNING * * *
You feel sick.
* * * LOW HITPOINT WARNING * * *
You feel sick.
You die...

#..#...#..###.#
#...###...# #.#
##.#...#.####.#
#.#._.#....#.#
#.#...#.##.#.#
#..###.....#.#
#########
##..#......#.#
......).#
#.###..##.#.#
#@#
#..#........#
#.#
##.....##.###
#.# ########.#
#.# #.# #.# #.#
#.# #.# #.# #.#
#.############.#
#..............#


There were no monsters in sight!

Vanquished Creatures
  Robin (D:2)
  An ooze (D:1)
  2 dart slugs (D:1)
  2 giant geckos
  2 giant cockroaches (D:1)
  7 goblins
  3 hobgoblins
  3 jackals (D:1)
  2 kobolds (D:1)
  5 bats
  5 rats
33 creatures vanquished.

Notes
Turn   | Place    | Note
--------------------------------------------------------------
     0 | D:1      | FitzyFitz the Vine Stalker Monk began the quest for the Orb.
     0 | D:1      | Reached XP level 1. HP: 11/11 MP: 2/2
   219 | D:1      | Reached XP level 2. HP: 16/16 MP: 3/3
   352 | D:1      | Reached XP level 3. HP: 16/19 MP: 4/4
   787 | D:2      | Found an oddly glowing altar of Pakellas.
   858 | D:2      | Noticed Robin
   874 | D:2      | Killed Robin
   875 | D:2      | Reached XP level 4. HP: 10/23 MP: 5/5
   883 | D:2      | HP: 1/23 [poisoned by Robin]
   884 | D:2      | Succumbed to Robin's poison

Vault maps used:
D:1:      tarquinn_simple_flora_water_e, kennysheep_nondescript
D:2:      first_bread, grunt_pakellas_mercury, uniq_robin, uniq_natasha

Skill      XL: |  1  2  3 |
---------------+----------+-----
Stealth        | 3 4 |  4.0
Fighting       | |  2.6
Dodging        | |  2.4
Unarmed Combat | |  4.8

Action                   |  1- 3 |  4- 6 || total
-------------------------+-------+-------++-------
Melee: Unarmed           |    95 |       ||    95
       Bite              |    20 |       ||    20
       Punch             |     2 |       ||     2
 Stab: Sleeping          |     7 |       ||     7
       Distracted        |     2 |       ||     2
Armor: Robe              |    20 |       ||    20
Dodge: Dodged            |    51 |       ||    51
